 Dungeon Crawl Stone Soup version 0.28.0-1-gb440e238dd (webtiles) character file.

Game seed: 9619203628091580064

1771 Crownlay the Cleaver (level 9, -4/76 (82) HPs)
             Began as a Hill Orc Fighter on Feb 19, 2022.
             Slain by a wight (5 damage)
             ... on level 7 of the Dungeon.
             The game lasted 00:09:32 (7472 turns).

Crownlay the Cleaver (Hill Orc Fighter)             Turns: 7472, Time: 00:09:32

HP:   -4/76 (82)    AC: 14    Str: 23    XL:     9   Next: 7%
MP:   9/9           EV:  6    Int:  8    God:
Gold: 111           SH:  4    Dex: 10    Spells: 8/8 levels left

rFire   . . .      SeeInvis .   a - +0 war axe
rCold   . . .      Faith    .   c - +0 buckler
rNeg    . . .      Spirit   .   x - +0 plate armour
rPois   .          Reflect  .   k - +0 helmet
rElec   .          Harm     .   (no cloak)
rCorr   +          Rampage  .   B - +0 pair of gloves
Will    .....                   (no boots)
Stlth   ..........              C - amulet of regeneration
HPRegen 0.22/turn               t - ring of resist corrosion
MPRegen 0.11/turn               (no ring)

@: drained
A: no striking features
a: no special abilities


You were on level 7 of the Dungeon.
You visited 1 branch of the dungeon, and saw 7 of its levels.

You collected 243 gold pieces.
You spent 132 gold pieces at shops.

Inventory:

Hand Weapons
 a - a +0 war axe (weapon)
Missiles
 b - 5 curare-tipped darts (quivered)
Armour
 c - a +0 buckler (worn)
 k - a +0 helmet (worn)
 x - a +0 plate armour (worn)
 B - a +0 pair of gloves (worn)
Jewellery
 l - a ring of ice
 t - a ring of resist corrosion (left hand)
 C - an amulet of regeneration (around neck)
Wands
 v - a wand of polymorph (8)
Scrolls
 f - a scroll of amnesia {unknown}
 g - a scroll of acquirement {unknown}
 h - 2 scrolls of teleportation
 i - 3 scrolls of blinking
 q - a scroll of brand weapon {unknown}
 u - a scroll of torment {unknown}
 w - a scroll of immolation {unknown}
 y - a scroll of identify {unknown}
 A - a scroll of fear {unknown}
Potions
 d - 3 potions of might
 e - a potion of lignification {unknown}
 j - 5 potions of heal wounds
 m - 4 potions of flight {unknown}
 n - a potion of attraction {unknown}
 o - 3 potions of brilliance {unknown}
 p - a potion of mutation {unknown}
 r - 2 potions of degeneration {unknown}
 s - a potion of resistance
 z - 2 potions of magic {unknown}


   Skills:
 + Level 8.4 Fighting
 * Level 11.8 Axes
 + Level 4.8 Armour
 - Level 3.2 Shields


You had 8 spell levels left.
You didn't know any spells.
Your spell library contained the following spells:

 Spells                   Type           Power      Damage    Failure   Level
 Magic Dart               Conj           0%         1d3       100%        1
 Sandblast                Erth           0%         2d4       100%        1
 Summon Small Mammal      Summ           0%         N/A       100%        1
 Call Imp                 Summ           0%         N/A       100%        2
 Corpse Rot               Necr/Air       0%         N/A       100%        2
 Passwall                 Tmut/Erth      0%         N/A       100%        2
 Poisonous Vapours        Pois/Air       0%         N/A       100%        2
 Call Canine Familiar     Summ           0%         N/A       100%        3
 Ignite Poison            Fire/Tmut/Pois 0%         N/A       100%        3
 Mephitic Cloud           Conj/Pois/Air  0%         N/A       100%        3
 Stone Arrow              Conj/Erth      0%         3d7       100%        3
 Summon Guardian Golem    Hex/Summ       0%         N/A       100%        3
 Freezing Cloud           Conj/Ice/Air   0%         6-21      100%        5
 Summon Forest            Summ/Tloc      0%         N/A       100%        5
 Eringya's Noxious Bog    Tmut/Pois      0%         N/A       100%        6
 Summon Hydra             Summ           0%         N/A       100%        7


Dungeon Overview and Level Annotations

Branches:
Dungeon (7/15)             Temple (0/1) D:4

Altars:
Ashenzari

Shops:
D:4 =(!:[   D:7 *


Message History

The wight hits you from afar with a +4 halberd of freezing!
The wight freezes you.
You are too injured to fight recklessly!
You are too injured to fight recklessly!
You hit the wight.
The wight is almost destroyed.
The wight hits you but does no damage. You block the wight's attack.
You slash the wight!
You destroy the wight!
The wight hits you from afar with a +4 halberd of freezing!
The wight freezes you.
The wight hits you with a +4 halberd of freezing!
* * * LOW HITPOINT WARNING * * *
You feel drained.
* * * LOW HITPOINT WARNING * * *
The wight freezes you.
* * * LOW HITPOINT WARNING * * *
You hit the wight.
The wight is lightly damaged.
The wight barely misses you.
You closely miss the wight.
The wight is lightly damaged.
The wight hits you but does no damage.
You closely miss the wight.
The wight hits you with a +4 halberd of freezing.
* * * LOW HITPOINT WARNING * * *
You feel drained. The wight freezes you.
* * * LOW HITPOINT WARNING * * *
You closely miss the wight. The wight closely misses you.
You hit the wight.
The wight is moderately damaged.
You barely miss the wight.
The wight is moderately damaged.
The wight completely misses you.
You barely miss the wight.
The wight is moderately damaged.
The wight hits you with a +4 halberd of freezing!
* * * LOW HITPOINT WARNING * * *
You feel drained.
You die...

#....#........#.>.....
###....#........#.......
#.......#........#.......
#.......#................
#.......#(...............
#.......#..............##
#.......#................
#.....##)................
#.......@z...............
#......)...............##
######........##......##
#........####....#
#.....#### #....# #.....#
#.....# #.....#


You could see a wight.

Vanquished Creatures
  A water moccasin (D:7)
  2 orc warriors
  2 ice beasts (D:6)
  A sky beast (D:5)
  4 ogres
  A scorpion (D:4)
  A water moccasin zombie (D:5)
  A water moccasin skeleton (D:6)
  3 wights (D:7)
  3 hounds
  2 jellies
  2 orc priests
  2 iguanas
  4 orc wizards
  Terence (D:2)
  A hound skeleton (D:5)
  Robin (D:2)
  7 adders
  A howler monkey skeleton (D:7)
  A shadow imp (D:7)
  A white imp (D:6)
  An adder skeleton (D:4)
  5 dart slugs
  14 orcs
  8 ball pythons
  3 endoplasms
  6 giant cockroaches
  17 goblins
  3 hobgoblins
  3 jackals (D:5)
  A quokka (D:1)
  4 bats (D:1)
  6 frilled lizards
  6 kobolds
  7 rats
126 creatures vanquished.

Notes
Turn   | Place    | Note
-------+----------+-------------------------------------------
     0 | D:1      | Crownlay the Hill Orc Fighter began the quest for the Orb.
     0 | D:1      | Reached XP level 1. HP: 19/19 MP: 1/1
    28 | D:1      | Reached skill level 3 in Axes
   147 | D:1      | Reached XP level 2. HP: 27/27 MP: 2/2
   505 | D:1      | Reached skill level 4 in Axes
   567 | D:1      | Reached XP level 3. HP: 32/33 MP: 3/3
  1520 | D:2      | Noticed Robin
  1552 | D:2      | Reached XP level 4. HP: 31/41 MP: 4/4
  1552 | D:2      | Killed Robin
  1553 | D:2      | Reached skill level 5 in Axes
  1762 | D:3      | Noticed Terence
  1778 | D:2      | Killed Terence
  2003 | D:2      | Reached XP level 5. HP: 10/47 MP: 5/5
  2684 | D:3      | Reached skill level 6 in Axes
  2754 | D:3      | Reached skill level 5 in Fighting
  2803 | D:3      | Found a broken altar of Ashenzari.
  3316 | D:4      | Found a staircase to the Ecumenical Temple.
  3351 | D:4      | Identified the +2 quarterstaff of Karma {holy, Fragile
                  | Dex+9}
  3390 | D:4      | Found Fagrot's Jewellery Shoppe.
  3733 | D:4      | Reached skill level 7 in Axes
  3733 | D:4      | Reached XP level 6. HP: 37/56 MP: 6/6
  3847 | D:4      | Found Bazxuwip's Weapon Shoppe.
  3869 | D:4      | Found Xoall's Armour Shoppe.
  4046 | D:4      | Found Herghus's Distillery.
  4055 | D:4      | Bought a potion of heal wounds for 70 gold pieces
  4055 | D:4      | Bought a potion of curing for 42 gold pieces
  4075 | D:4      | Found Jymuumu's Book Shoppe.
  4329 | D:5      | Entered Level 5 of the Dungeon
  4329 | D:5      | Noticed an orc warrior
  4595 | D:5      | Killed an orc warrior
  4596 | D:5      | Reached skill level 8 in Axes
  4596 | D:5      | Reached XP level 7. HP: 53/63 MP: 7/7
  5232 | D:5      | Reached skill level 9 in Axes
  5682 | D:5      | Reached XP level 8. HP: 73/73 MP: 8/8
  6117 | D:5      | Reached skill level 10 in Axes
  6655 | D:6      | Reached skill level 11 in Axes
  7281 | D:7      | Found Barroch's CLEARANCE SALE!.
  7289 | D:7      | Bought a potion of resistance for 20 gold pieces
  7358 | D:7      | Reached XP level 9. HP: 46/81 MP: 9/9
  7472 | D:7      | HP: 1/79 [wight (12)]
  7472 | D:7      | Slain by a wight

Illustrated notes

Levels and vault maps discovered:
D:1:      dpeg_arrival_tiny_g, layout_loops_cross, minmay_ruptured
D:2:      layout_basic, serial_rivers, chequers_serial_rivers_large_b,
          chequers_serial_rivers_large_a, chequers_serial_rivers_room_b,
          chequers_serial_rivers_room_a, minmay_strange_pillars, uniq_robin
D:3:      layout_basic, nicolae_ashenzari_panopticon, columned_hall_lemuel,
          dk_noncrumbling_3, uniq_terence
D:4:      layout_cave_pods, temple_doors_e, serial_shops, nicolae_shop_crystal,
          kennysheep_mini_moat, nicolae_shop_crystal, shop,
          nicolae_shop_advertising_works [nicolae_subvault_shop_adworks]
D:5:      layout_basic, minmay_misc_feat_chi
D:6:      layout_rooms, feat_on_display
D:7:      layout_basic, chequers_ossuary_entry_cave, minivault_26,
          nicolae_shop_clearance

Skill      XL: |  1  2  3  4  5  6  7  8 |
---------------+-------------------------+-----
Axes           | 3 4 5 7 8 9 11 | 11.8
Fighting       | 4 5 6 7 8 |  8.4
Armour         | 4 |  4.8
Shields        | |  3.2

Action                   |  1- 3 |  4- 6 |  7- 9 || total
-------------------------+-------+-------+-------++-------
Melee: War axe           |   115 |   168 |   181 ||   464
Throw: Dart              |       |       |     3 ||     3
Evoke: Wand              |       |     5 |     3 ||     8
  Use: Scroll            |       |     2 |       ||     2
       Potion            |       |       |     1 ||     1
Armor: Scale mail        |    59 |    62 |    38 ||   159
       Plate armour      |       |       |    42 ||    42
Dodge: Dodged            |    61 |    68 |    44 ||   173
Block: Buckler           |    30 |    31 |    35 ||    96
